 Dungeon Crawl Stone Soup version 0.28-a0-32-g8dfe7f97f6 (webtiles) character file.

Game seed: 16402982386564706311

401488 ipx the Devastator (level 21, -10/127 HPs)
             Began as a Deep Elf Ice Elementalist on July 26, 2021.
             Was a High Priest of Ashenzari.
             Mangled by a vampire knight (25 damage)
             ... while paralysed by a vampire knight
             ... on level 1 of the Depths on July 28, 2021.
             The game lasted 07:11:05 (17775 turns).

ipx the Devastator (Deep Elf Ice Elementalist)     Turns: 17775, Time: 07:11:06

Health: -10/127    AC: 25    Str: 11    XL:     21   Next: 58%
Magic:  8/50       EV:  2    Int: 34    God:    Ashenzari [*****.]
Gold:   386        SH:  0    Dex: 21    Spells: 9/66 levels left

rFire   + . .      SeeInvis +   a - +2 Maxwell's thermic engine {flame, freeze, Evo, Self} (curse)
rCold   . . .      Faith    .   A - +2 kite shield of the Ruined Ordeal {Self, Elem} (curse)
rNeg    . . .      Spirit   .   X - +4 troll leather armour "Atheism of the Sky" {Regen+, Self, Elem} (curse)
rPois   .          Reflect  .   N - +2 hat "Failure of Ashenzari" {Elem, Comp} (curse)
rElec   .          Harm     .   o - +3 cloak "Omission of the Sky" {Int+3 Dex+4, Cun, Fort} (curse)
rCorr   .          Rampage  .   C - +2 pair of gloves "Regret of Ashenzari" {Str+3, Comp, Self} (curse)
Will    ++...      Clarity  +   S - +2 pair of boots "Share My Visionary" {Fly, Evo, Melee} (curse)
Stlth   +++++.....              J - amulet of Ashenzari's Ordeal {RegenMP Str+3, Fort, Bglg} (curse)
HPRegen 1.31/turn               f - ring of protection from fire
MPRegen 0.57/turn               U - ring of the Elysian Sage {AC+4, Melee, Cun} (curse)

@: paralysed, flying
A: hooves 1, thin skeletal structure 1
}: 4/15 runes: serpentine, barnacled, slimy, silver
a: Renounce Religion, Curse Item, Shatter the Chains


You were on level 1 of the Depths.
You worshipped Ashenzari.
Ashenzari was extremely pleased with you.
You visited 9 branches of the dungeon, and saw 46 of its levels.
You also visited: Sewer, Bailey and Gauntlet.

You collected 5594 gold pieces.
You spent 5208 gold pieces at shops.

Inventory:

Hand Weapons
 a - the cursed +2 Maxwell's thermic engine (weapon) {flame, freeze, Evo, Self}
   (You found it on level 10 of the Dungeon)

   It burns those it strikes, dealing additional fire damage.
   Big, fiery blades are also staple armaments of hydra-hunters.
   It freezes those it strikes, dealing additional cold damage.
   It can also slow down cold-blooded creatures.
   It becomes more effective when it hits something.
   This effect fades over time.
   It has a curse which improves the following skills: Evocations: Evocations.
   Introspection: Fighting and Spellcasting.
Missiles
 B - 4 throwing nets (quivered)
Armour
 o - the cursed +3 cloak "Omission of the Sky" (worn) {Int+3 Dex+4, Cun, Fort}
   (You bought it in a shop on level 7 of the Dungeon)

   Int:       It affects your intelligence (+3).
   Dex:       It affects your dexterity (+4).
   It has a curse which improves the following skills: Cunning: Dodging and
   Stealth.
   Fortitude: Armour and Shields.
 A - the cursed +2 kite shield of the Ruined Ordeal (worn) {Self, Elem}
   (You found it on level 12 of the Dungeon)

   It has a curse which improves the following skills: Introspection: Fighting
   and Spellcasting.
   Elements:  Fire Magic, Ice Magic, Air Magic and Earth Magic.
 C - the cursed +2 pair of gloves "Regret of Ashenzari" (worn) {Str+3, Comp, Self}
   (You bought it in a shop on level 7 of the Dungeon)

   It has a curse which improves the following skills: Companions: Summonings
   and Necromancy.
   Introspection: Fighting and Spellcasting.
 N - the cursed +2 hat "Failure of Ashenzari" (worn) {Elem, Comp}
   (You found it on level 4 of the Lair of Beasts)

   It has a curse which improves the following skills: Elements: Fire Magic, Ice
   Magic, Air Magic and Earth Magic.
   Companions: Summonings and Necromancy.
 S - the cursed +2 pair of boots "Share My Visionary" (worn) {Fly, Evo, Melee}
   (You found it in a Gauntlet)

   It has a curse which improves the following skills: Evocations: Evocations.
   Melee Combat: Short Blades, Long Blades, Axes, Maces & Flails, Polearms,
   Staves and Unarmed Combat.
 X - the cursed +4 troll leather armour "Atheism of the Sky" (worn) {Regen+, Self, Elem}
   (You found it on level 2 of the Orcish Mines)

   Regen:     It increases your rate of health regeneration.
   It has a curse which improves the following skills: Introspection: Fighting
   and Spellcasting.
   Elements:  Fire Magic, Ice Magic, Air Magic and Earth Magic.
Magical Staves
 W - a staff of cold
Jewellery
 c - a ring of ice
 e - a +4 ring of evasion
 f - a ring of protection from fire (left hand)
 h - the ring of Shadows {Umbra +Inv Stlth+}
   (You took it off a deep elf demonologist on level 3 of the Elven Halls)

   [ring of stealth]

   It surrounds you with an aura of shadow, increasing your stealth and reducing
   the accuracy of all within it (including the wearer).
   +Inv:      It lets you turn invisible.
   Stlth:     It makes you more stealthy.
 m - a ring of willpower
 n - a ring of positive energy
 p - a ring of poison resistance
 z - a ring of resist corrosion
 J - the cursed amulet of Ashenzari's Ordeal (around neck) {RegenMP Str+3, Fort, Bglg}
   (You found it on level 11 of the Dungeon)

   [amulet of magic regeneration]

   It increases your rate of magic regeneration.
   Str:       It affects your strength (+3).
   It has a curse which improves the following skills: Fortitude: Armour and
   Shields.
   Beguiling: Conjurations, Hexes and Translocations.
 K - an amulet of regeneration
 U - the cursed ring of the Elysian Sage (right hand) {AC+4, Melee, Cun}
   (You found it on level 6 of the Dungeon)

   [ring of protection]

   AC:        It affects your AC (+4).
   It has a curse which improves the following skills: Melee Combat: Short
   Blades, Long Blades, Axes, Maces & Flails, Polearms, Staves and Unarmed
   Combat.
   Cunning:   Dodging and Stealth.
 Z - a ring of flight
Wands
 j - a wand of digging (4)
 s - a wand of acid (7)
 I - a wand of iceblast (10)
 Q - a wand of paralysis (8)
Scrolls
 b - 3 scrolls of fear
 g - 6 scrolls of enchant weapon
 r - a scroll of silence
 t - 3 scrolls of fog
 F - 9 scrolls of teleportation
 H - 3 scrolls of magic mapping
 L - a scroll of holy word
 O - 4 scrolls of amnesia
 R - a scroll of immolation
Potions
 d - 3 potions of heal wounds
 i - 9 potions of curing
 k - 2 potions of haste
 q - 10 potions of flight
 u - 4 potions of mutation
 v - 3 potions of ambrosia
 D - 6 potions of brilliance
 E - 4 potions of might
 M - 5 potions of lignification
 T - 3 potions of cancellation
 V - 2 potions of magic
 Y - 3 potions of resistance
Miscellaneous
 l - a phantom mirror
 w - a tin of tremorstones (2/2)
 x - a condenser vane
 y - a lightning rod (4/4)
 G - a box of beasts
 P - a phial of floods


   Skills:
 - Level 5.9(12.0) Fighting
 - Level 13.4(17.0) Long Blades
 - Level 8.6(12.5) Polearms
 - Level 2.7(6.0) Armour
 - Level 16.6(20.0) Dodging
 - Level 4.2(8.0) Stealth
 - Level 12.0(15.6) Shields
 + Level 17.8(23.2) Spellcasting
 - Level 18.0(20.0) Conjurations
 - Level 5.9(10.0) Summonings
 - Level 8.0(12.0) Necromancy
 - Level 8.3(11.0) Translocations
 - Level 10.2(15.1) Ice Magic
 - Level 1.6(5.1) Air Magic
 - Level 13.2(18.0) Earth Magic
 + Level 11.6(15.3) Evocations


You had 9 spell levels left.
You knew the following spells:

 Your Spells              Type           Power      Damage    Failure   Level
c - Freezing Cloud        Conj/Ice/Air   46%        6-21      1%          5
d - Orb of Destruction    Conj           54%        9d16      1%          7
h - Hailstorm             Conj/Ice       100%       3d20      0%          4
i - Iron Shot             Conj/Erth      53%        9d10      1%          6
l - Lee's Rapid Deconstr  Erth           52%        3d25*     0%          5
o - Ozocubu's Armour      Ice            97%        N/A       0%          3
p - Passage of Golubria   Tloc           N/A        N/A       1%          4
r - Frozen Ramparts       Ice            100%       1d12      0%          3
s - Spellforged Servitor  Conj/Summ      48%        N/A       1%          7
u - Sublimation of Blood  Necr           44%        N/A       0%          2
w - Passwall              Tmut/Erth      65%        N/A       1%          2
y - Lehudib's Crystal Sp  Conj/Erth      53%        10d12     2%          8
z - Freeze                Ice            100%       1d11      0%          1

Your spell library contained the following spells:

 Spells                   Type           Power      Damage    Failure   Level
 Animate Skeleton         Necr           100%       N/A       0%          1
 Magic Dart               Conj           100%       1d8       0%          1
 Pain                     Necr           100%       1d9       0%          1
 Sandblast                Erth           100%       2d20      0%          1
 Static Discharge         Conj/Air       90%        N/A       0%          2
 Iskenderun's Mystic Bla  Conj/Tloc      98%        2d19      0%          4
 Call Imp                 Summ           82%        N/A       1%          2
 Corpse Rot               Necr/Air       N/A        N/A       1%          2
 Ensorcelled Hibernation  Hex/Ice        100%       N/A       1%          2
 Poisonous Vapours        Pois/Air       100%       N/A       1%          2
 Slow                     Hex            41%        N/A       1%          2
 Wereblood                Tmut           39%        N/A       1%          2
 Call Canine Familiar     Summ           82%        N/A       1%          3
 Dazzling Flash           Conj/Hex       100%       N/A       1%          3
 Mephitic Cloud           Conj/Pois/Air  77%        N/A       1%          3
 Portal Projectile        Hex/Tloc       100%       N/A       1%          3
 Summon Guardian Golem    Hex/Summ       65%        N/A       1%          3
 Vampiric Draining        Necr           44%        2d12      1%          3
 Airstrike                Air            32%        N/A       1%          4
 Animate Armour           Summ/Erth      100%       N/A       1%          4
 Fulminant Prism          Conj/Hex       41%        3d20      1%          4
 Leda's Liquefaction      Hex/Erth       40%        N/A       1%          4
 Summon Ice Beast         Ice/Summ       90%        N/A       1%          4
 Summon Lightning Spire   Summ/Air       74%        N/A       1%          4
 Lightning Bolt           Conj/Air       45%        1d65      1%          5
 Starburst                Conj/Fire      42%        8x6d12    1%          6
 Confusing Touch          Hex            41%        N/A       2%          3
 Summon Mana Viper        Hex/Summ       65%        N/A       3%          5
 Silence                  Hex/Air        27%        N/A       8%          5
 Olgreb's Toxic Radiance  Pois           39%        N/A       9%          4
 Summon Hydra             Summ           41%        N/A       12%         7
 Blade Hands              Tmut           19%        N/A       24%         5
 Discord                  Hex            20%        N/A       100%        8
 Maxwell's Capacitive Co  Air            32%        ∞         100%        8
 Fire Storm               Conj/Fire      42%        8d11      100%        9


Dungeon Overview and Level Annotations

Branches:
Dungeon (15/15)            Temple (0/1) D:6            Lair (6/6) D:8
 Shoals (4/4) Lair:3        Snake (4/4) Lair:2        Slime (5/5) Lair:6
    Orc (2/2) D:11            Elf (3/3) Orc:2        Vaults (5/5) D:13
  Crypt (0/3) Vaults:3     Depths (2/5) D:15          Sewer (visited)
 Bailey (visited)         Gauntlet (visited)

Altars:
Ashenzari
Cheibriados
Elyvilon
Hepliaklqana
Kikubaaqudgha
Makhleb
Sif Muna
Uskayaw
Xom
Zin
The Shining One
Jiyva

Shops:
D:7 [   Orc:2 !((:   Shoals:2 *   Snake:1 [   Snake:2 =   Vaults:2 *
Vaults:3 =   Vaults:5 :   Depths:1 *=::

Portals:
Hell: Lair:6 Depths:1 Depths:2

Annotations:
D:7 Joseph
D:11 1 transporter
D:14 exclusion: downstairs
D:15 Roxanne
Lair:1 2 transporters
Lair:2 1 runed translucent door, Jatofuta's ghost, journeyman MfGl
Shoals:4 Mara
Snake:2 Vashnia
Snake:4 skAll's ghost, adept DrIE
Orc:1 items, zurenarrh's ghost, journeyman MfGl


Innate Abilities, Weirdness & Mutations

You have large cloven feet.
You have a somewhat thin skeletal structure. (Dex +2, Stealth+)


Message History

The spectral tengu reaver is severely damaged.
The blast of rock fragments hits the fire dragon!!
The fire dragon is almost dead.
The blast of rock fragments hits the vampire knight but does no damage.
The vampire knight is severely damaged.
The blast of rock fragments hits the shadow!!
The shadow is almost destroyed.
The vampire knight blinks!
The shadow slips into darkness.
The shadow flickers and vanishes for a moment.
The fire dragon bites your spellforged servitor!
The fire dragon closely misses your spellforged servitor.
The fire dragon tramples your spellforged servitor.
Your spellforged servitor holds its ground!
Casting: Lee's Rapid Deconstruction (safe; 0% risk of failure)
Confirm with . or Enter, or press ? or * to list all spells.
You draw magical energy from your own body!
The vampire knight completely misses you.
The vampire knight barely misses your spellforged servitor.
You block the vampire knight's attack.
The shadow strikes at your spellforged servitor from the darkness!
Your spellforged servitor is destroyed!
The fire dragon breathes flames at you.
The blast of flame hits the vampire knight.
The blast of flame misses you.
The vampire knight casts a spell at you.
You suddenly lose the ability to move!
The vampire knight hits you with a +0 war axe.
The vampire knight bites you but does no damage.
The vampire knight hits you with a +0 war axe!!
The vampire knight bites you!
The vampire knight draws strength from your injuries!
The vampire knight draws life force from you!!
* * * LOW HITPOINT WARNING * * *
The vampire knight is healed by the life force!
The vampire knight barely misses you. The vampire knight bites you.
* * * LOW HITPOINT WARNING * * *
The vampire knight draws strength from your injuries!
The vampire knight hits you with a +0 war axe!!
You die...

##... , ..# . ** ,...
...#..** ∩ #..[...
....# , * *
#####(#..##....## * *
*#⌠⌠.#.####......#,
,* *
+.∩⌠ZW#........#* ,
,, *,
#.Vz#D#..>..#***
,,,,, *
..#####V#.....#, , ,
* .......@#.........
,,*
,......!.#..........
*
,.....#..#..........,
**
**###################
**


You could see a fire dragon, a vampire knight (fast, invisible), a vampire mage
(invisible), a spectral tengu reaver (summoned), a shadow (summoned, invisible)
and a wight (summoned).

Vanquished Creatures
  A tentacled monstrosity (Vaults:5)
  2 deep elf master archers (Elf:3)
  17 acid blobs
  A deep elf blademaster (Elf:3)
  2 sphinxes (Vaults:5)
  Gastronok (D:9)
  A storm dragon (Vaults:5)
  12 nagarajas (Snake:4)
  2 tengu reavers (Vaults:5)
  A shadow dragon (Vaults:5)
  Donald (Shoals:2)
  7 rockslimes
  8 deep elf sorcerers
  5 frost giants
  13 azure jellies
  A fire giant (Depths:2)
  An orc warlord (Vaults:1)
  4 vault wardens
  10 deep elf elementalists (Elf:3)
  Aizul (Snake:2)
  A reaper (Gauntlet)
  A ghoul (Vaults:3)
  2 very ugly things (Vaults:2)
  7 ironbound preservers
  3 stone giants
  2 vampire knights
  5 quicksilver oozes
  2 deep elf demonologists (Elf:3)
  2 minotaurs
  7 deep elf annihilators (Elf:3)
  2 entropy weavers
  A dire elephant (Vaults:1)
  6 deep elf death magi (Elf:3)
  6 ettins
  A rakshasa (Depths:1)
  6 merfolk impalers
  5 merfolk javelineers
  9 deep elf high priests
  4 yaktaur captains
  A fire dragon (D:15)
  3 ironbound thunderhulks
  19 vault guards
  8 great orbs of eyes
  4 salamander tyrants
  11 hydras
  5 anacondas
  12 naga warriors
  4 boulder beetles
  4 ironbound frosthearts
  6 ogre magi
  5 centaur warriors
  The ghost of Shym the Fighter, a novice MiBe of Trog (D:11)
  4 alligator snapping turtles
  A merfolk avatar (Shoals:3)
  4 dancing weapons (Elf:3)
  A death knight (D:15)
  A satyr (Shoals:1)
  A peacekeeper (Vaults:4)
  22 two-headed ogres
  A catoblepas (Lair:4)
  A vampire mage (Vaults:3)
  4 ironbound beastmasters
  An orc high priest (Orc:2)
  3 deep elf knights
  4 tengu warriors
  15 naga sharpshooters
  2 shock serpents
  A sun demon (Lair:6)
  3 skeletal warriors (D:13)
  5 salamander mystics
  A sixfirhy (D:15)
  4 sea snakes
  21 deep trolls
  A flayed ghost (Depths:1)
  7 naga ritualists
  2 glowing orange brains
  6 lindwurms
  A phantasmal warrior (Depths:2)
  5 deep elf archers
  9 harpies
  9 wizards
  8 deep elf zephyrmancers
  5 ironbound convokers
  5 orc knights
  8 deep elf pyromancers
  A wolf spider (shapeshifter) (Vaults:5)
  4 mana vipers
  A necromancer (Depths:1)
  5 shining eyes (Slime:5)
  A mana viper (shapeshifter) (Vaults:5)
  A wolf spider (Gauntlet)
  7 cyclopes
  An orc sorcerer (Orc:1)
  A stone giant zombie (Depths:1)
  An oklob plant (Lair:4)
  18 ugly things
  30 salamanders
  4 merfolk sirens
  5 fauns
  7 elephants
  22 black mambas
  6 guardian serpents
  12 manticores
  5 vault sentinels
  13 naga magi
  A torpor snail (Lair:4)
  5 water nymphs
  An elf skeleton (Depths:1)
  12 cane toads
  5 rime drakes
  An unseen horror (D:10)
  A smoke demon (Lair:6)
  An eye of devastation (Slime:4)
  10 yaktaurs
  2 efreet (D:13)
  8 komodo dragons
  5 ice devils (Lair:6)
  4 tengu conjurers
  3 trolls
  6 meliai
  A red devil (Lair:6)
  12 merfolk
  4 polar bears
  4 wind drakes
  Grinder (D:6)
  A jumping spider (Gauntlet)
  49 slime creatures
  27 blink frogs
  12 dream sheep
  A dream sheep (shapeshifter) (Depths:1)
  11 snapping turtles
  A blink frog (shapeshifter) (D:14)
  An elf simulacrum (Depths:1)
  A shadow (D:11)
  A flying skull (Vaults:3)
  A vampire (D:12)
  3 redbacks (Vaults:2)
  5 water elementals
  27 yaks
  A centaur simulacrum (D:14)
  2 yaks (shapeshifter)
  A wyvern (shapeshifter) (Elf:3)
  6 wyverns
  A ynoxinul (Depths:1)
  A fire bat (shapeshifter) (D:14)
  A steam dragon (D:8)
  5 basilisks
  6 vampire mosquitoes
  2 acid dragons (D:11)
  33 nagas
  Duvessa (D:5)
  A nameless horror (Vaults:5)
  16 water moccasins
  3 hell hounds (Lair:6)
  Purgy (Sewer)
  18 orc warriors
  2 black bears (shapeshifter)
  2 black bears
  A boggart (shapeshifter) (Vaults:5)
  2 hornet zombies
  19 wolves
  24 ogres
  15 centaurs
  A phantom (D:6)
  A kobold brigand (D:9)
  6 bullfrogs
  A gnoll sergeant (D:11)
  3 scorpions
  A wyvern zombie (D:8)
  Dowan (D:5)
  A hornet simulacrum (D:14)
  3 killer bees (D:11)
  12 wights
  A howler monkey (D:7)
  9 electric eels
  A lava snake (Snake:1)
  4 centaur zombies
  A hound (D:6)
  5 orc priests
  2 bullfrog skeletons
  A gnoll shaman (D:7)
  2 jellies
  Natasha (D:3)
  8 orc wizards
  4 hell rats (Lair:5)
  3 spriggan simulacra (D:12)
  A killer bee zombie (D:8)
  2 hound skeletons
  Robin (D:3)
  A howler monkey zombie (D:9)
  3 adders
  9 gnolls
  2 shadow imps
  2 white imps (D:8)
  An adder skeleton (D:4)
  A worm (D:3)
  2 dart slugs
  38 orcs
  5 bats
  7 endoplasms
  8 giant cockroaches
  18 goblins
  12 hobgoblins
  5 jackals (D:1)
  3 quokkas
  5 ball pythons
  6 frilled lizards
  20 kobolds
  2 rats
1175 creatures vanquished.

Vanquished Creatures (collateral kills)
  the Royal Jelly (Slime:5)
  2 tentacled monstrosities (Vaults:5)
  A quicksilver dragon (Vaults:5)
  A fire giant (Vaults:5)
  A rockslime (Slime:5)
  2 frost giants
  A deep elf sorcerer (Vaults:5)
  2 iron dragons
  6 vault wardens
  4 ironbound preservers
  2 quicksilver oozes (Slime:5)
  A war gargoyle (Vaults:4)
  A deep elf demonologist (Vaults:5)
  A crystal guardian (Vaults:4)
  An ettin (Vaults:5)
  3 yaktaur captains
  2 ironbound thunderhulks (Vaults:4)
  A deep elf high priest (Vaults:5)
  A great orb of eyes (Vaults:3)
  A fire dragon (D:15)
  13 vault guards
  A hell beast (Depths:1)
  A boulder beetle (Vaults:1)
  A tengu warrior (Depths:1)
  An ironbound frostheart (Vaults:2)
  11 deep trolls
  A tengu zombie (Depths:1)
  5 phantasmal warriors
  A lindwurm (Vaults:4)
  6 ugly things
  A wolf spider (Vaults:5)
  An orc knight (Vaults:5)
  A guardian serpent (Snake:4)
  A freezing wraith (Vaults:5)
  2 yaktaurs
  A rime drake (shapeshifter) (Vaults:5)
  A hellwing (Depths:1)
  4 slime creatures
  A queen bee (shapeshifter) (Vaults:5)
  A human skeleton (Depths:1)
  3 orc warriors (Vaults:5)
  An orc (Vaults:5)
94 creatures vanquished.

Vanquished Creatures (others)
  A vault warden (Vaults:1)
  A merfolk aquamancer (Shoals:4)
  A centaur warrior (Vaults:4)
  33 fungi
  90 plants
126 creatures vanquished.

Grand Total: 1395 creatures vanquished

Notes
Turn   | Place    | Note
-------+----------+-------------------------------------------
     0 | D:1      | ipx the Deep Elf Ice Elementalist began the quest for the
                  | Orb.
     0 | D:1      | Reached XP level 1. HP: 10/10 MP: 6/6
   113 | D:1      | Reached XP level 2. HP: 11/15 MP: 1/8
   174 | D:1      | Reached skill level 5 in Ice Magic
   355 | D:1      | Reached XP level 3. HP: 13/19 MP: 2/9
   360 | D:1      | Learned a level 3 spell: Frozen Ramparts
   364 | D:1      | Learned a level 3 spell: Ozocubu's Armour
   535 | D:3      | Noticed Natasha
   537 | D:3      | Noticed Robin
   734 | D:2      | Reached XP level 4. HP: 20/24 MP: 4/10
   883 | D:4      | Found a broken altar of Ashenzari.
   883 | D:4      | Noticed a scorpion
   899 | D:4      | Found a glowing golden altar of the Shining One.
   966 | D:4      | Killed a scorpion
   967 | D:4      | Reached XP level 5. HP: 28/28 MP: 2/11
   985 | D:4      | Identified the +11 spear of Spontaneous Combustion
                  | {protect, Dex+2}
   988 | D:4      | Upgraded the game from 0.28-a0-21-gf74fda84f9 to
                  | 0.28-a0-32-g8dfe7f97f6
   999 | D:4      | Became a worshipper of Ashenzari the Shackled
  1033 | D:4      | Noticed a black bear
  1041 | D:4      | Killed a black bear
  1151 | D:3      | Killed Natasha
  1152 | D:3      | Reached XP level 6. HP: 32/32 MP: 10/14
  1192 | D:3      | Killed Robin
  1267 | D:5      | Entered Level 5 of the Dungeon
  1343 | D:5      | Noticed Dowan
  1344 | D:5      | Noticed Duvessa
  1351 | D:5      | Killed Duvessa
  1354 | D:5      | Killed Dowan
  1381 | D:5      | Learned a level 4 spell: Hailstorm
  1522 | D:4      | Found a snail-covered altar of Cheibriados.
  1554 | D:6      | Reached skill level 1 in Conjurations
  1554 | D:6      | Reached skill level 1 in Evocations
  1554 | D:6      | Reached XP level 7. HP: 36/36 MP: 11/15
  1668 | D:5      | Reached skill level 2 in Conjurations
  1677 | D:5      | Found a glowing drain.
  1688 | Sewer    | Entered a sewer
  1726 | Sewer    | Noticed Purgy
  1736 | Sewer    | Killed Purgy
  1859 | D:6      | Reached skill level 3 in Conjurations
  1891 | D:6      | Noticed Grinder
  1903 | D:6      | Killed Grinder
  1904 | D:6      | Reached skill level 4 in Conjurations
  1904 | D:6      | Reached XP level 8. HP: 32/41 MP: 9/17
  1908 | D:6      | Reached skill level 5 in Spellcasting
  1908 | D:6      | Reached skill level 5 in Conjurations
  2067 | D:7      | Noticed Joseph
  2074 | D:6      | Reached skill level 6 in Conjurations
  2138 | D:6      | Found a staircase to the Ecumenical Temple.
  2168 | D:6      | Found a white marble altar of Elyvilon.
  2308 | D:8      | Reached skill level 7 in Conjurations
  2362 | D:8      | Reached skill level 8 in Conjurations
  2362 | D:8      | Reached XP level 9. HP: 29/45 MP: 7/20
  2378 | D:8      | Reached skill level 5 in Dodging
  2403 | D:7      | Found Anij's Armour Shop.
  2406 | D:7      | Bought a +1 pair of gloves of strength for 181 gold pieces
  2426 | D:8      | Found a glowing silver altar of Zin.
  2457 | D:8      | Reached skill level 1 in Fighting
  2558 | D:8      | Found a staircase to the Lair.
  2617 | Lair:1   | Entered Level 1 of the Lair of Beasts
  2617 | Lair:1   | Noticed a five-headed hydra
  2640 | Lair:1   | Reached skill level 1 in Polearms
  2711 | Lair:1   | Noticed a komodo dragon
  2720 | Lair:1   | Killed a komodo dragon
  2721 | Lair:1   | Reached XP level 10. HP: 56/56 MP: 7/23
  2787 | Lair:1   | Noticed a cane toad
  2795 | Lair:1   | Killed a cane toad
  2858 | Lair:3   | Found a staircase to the Shoals.
  2880 | Lair:4   | Found an ancient bone altar of Kikubaaqudgha.
  2881 | Lair:4   | Noticed an oklob plant
  3020 | Lair:3   | Noticed a black mamba
  3027 | Lair:3   | Killed a black mamba
  3028 | Lair:3   | Reached skill level 5 in Polearms
  3069 | Lair:2   | Reached skill level 10 in Ice Magic
  3069 | Lair:2   | Reached XP level 11. HP: 60/60 MP: 20/26
  3109 | Lair:2   | Found a runed translucent door.
  3110 | Lair:2   | Identified the +5 trident of Rikhinu {vorpal, rPois rF-
                  | rC++ Dex+4}
  3110 | Lair:2   | Noticed a spriggan rider
  3119 | Lair:2   | Noticed Jatofuta's ghost (journeyman MfGl)
  3122 | Lair:2   | Noticed a four-headed hydra
  3136 | Lair:2   | Killed a four-headed hydra
  3137 | Lair:2   | Reached skill level 10 in Spellcasting
  3225 | Lair:2   | Noticed a four-headed hydra
  3234 | Lair:2   | Killed a four-headed hydra
  3235 | Lair:2   | Reached skill level 10 in Dodging
  3280 | Lair:3   | Noticed a four-headed hydra
  3298 | Lair:3   | Killed a four-headed hydra
  3354 | Lair:3   | Noticed a seven-headed hydra
  3364 | Lair:3   | Killed a seven-headed hydra
  3369 | Lair:3   | Reached skill level 1 in Shields
  3431 | Lair:3   | Reached * piety under Ashenzari
  3794 | Lair:4   | Reached XP level 12. HP: 43/66 MP: 19/29
  3836 | Lair:4   | Reached ** piety under Ashenzari
  3890 | Lair:5   | Identified the +4 quarterstaff of Fimbulwinter {vorpal,
                  | Will+ rCorr Str+2}
  4116 | Lair:4   | Noticed a catoblepas
  4136 | Lair:4   | Killed a catoblepas
  4334 | Lair:2   | Found a staircase to the Snake Pit.
  4367 | Lair:1   | Noticed a four-headed hydra
  4373 | Lair:1   | Killed a four-headed hydra
  4374 | Lair:1   | Reached skill level 1 in Armour
  4414 | Lair:1   | Found a transporter.
  4416 | Lair:1   | Found a transporter.
  4417 | Lair:1   | Noticed a boulder beetle
  4454 | Lair:1   | Killed a five-headed hydra
  4524 | D:9      | Noticed Gastronok
  4556 | D:9      | Killed Gastronok
  4557 | D:9      | Reached *** piety under Ashenzari
  4614 | D:10     | Entered Level 10 of the Dungeon
  4679 | D:9      | Reached XP level 13. HP: 74/74 MP: 33/33
  4816 | D:10     | Found a shimmering blue altar of Sif Muna.
  4895 | D:10     | Found an ancient bone altar of Kikubaaqudgha.
  4962 | D:11     | Found a transporter.
  4966 | D:11     | Noticed Shym's ghost (novice MiBe)
  4966 | D:11     | Identified the +12 great mace "Tiaggeh" {vorpal, Int+2}
  4968 | D:11     | Identified the amulet of Tunkiaqo {RegenMP Str+3}
  4989 | D:11     | Found the +3 robe of Clouds {+Thunder rCloud rElec}
  5130 | D:11     | Reached **** piety under Ashenzari
  5498 | D:14     | Reached skill level 5 in Shields
  5562 | D:15     | Entered Level 15 of the Dungeon
  5562 | D:15     | Identified Roxanne's Collected Works on Clay
  5562 | D:15     | Noticed Roxanne
  5662 | D:15     | Found a broken altar of Ashenzari.
  5741 | D:15     | Found a gate leading to a gauntlet.
  5750 | Gauntlet | Entered a Gauntlet
  5750 | Gauntlet | Found a transporter.
  5751 | Gauntlet | Noticed a green death
  5752 | Gauntlet | Found a runed translucent gate.
  5753 | Gauntlet | Found a transporter.
  5753 | Gauntlet | Found a runed translucent gate.
  5754 | Gauntlet | Found a runed translucent gate.
  5754 | Gauntlet | Found a transporter.
  5755 | Gauntlet | Noticed a reaper
  5757 | Gauntlet | Found a transporter.
  5758 | Gauntlet | Found a transporter.
  5759 | Gauntlet | Found a transporter.
  5761 | Gauntlet | Identified the +0 cloak of Tomorrow {+Inv Str+6 Dex-5 SInv}
  5764 | Gauntlet | Noticed an entropy weaver
  5767 | Gauntlet | Found a transporter.
  5770 | Gauntlet | Found a transporter.
  5770 | Gauntlet | Noticed a reaper
  5811 | Gauntlet | Killed a reaper
  5849 | Gauntlet | Killed an entropy weaver
  5870 | Gauntlet | Reached ***** piety under Ashenzari
  5885 | Gauntlet | Noticed a minotaur
  5918 | Gauntlet | Killed a minotaur
  6235 | D:12     | Reached XP level 14. HP: 80/80 MP: 26/35
  6442 | D:11     | Found a staircase to the Orcish Mines.
  6472 | Orc:1    | Entered Level 1 of the Orcish Mines
  6540 | Orc:2    | Entered Level 2 of the Orcish Mines
  6606 | Orc:1    | Found a runed translucent door.
  6606 | Orc:1    | Found a shimmering altar of Xom.
  6606 | Orc:1    | Noticed zurenarrh's ghost (journeyman MfGl)
  6731 | Orc:2    | Found a staircase to the Elven Halls.
  6790 | Orc:1    | Found a flagged portal.
  6809 | Bailey   | Entered a bailey
  7238 | Orc:2    | Reached skill level 10 in Shields
  7252 | Orc:2    | Reached skill level 5 in Evocations
  7377 | Orc:2    | Found Idaakydi's Book Emporium.
  7377 | Orc:2    | Found Hyutiong's Antique Weapon Boutique.
  7378 | Orc:2    | Found Gawky's Antique Weapon Boutique.
  7378 | Orc:2    | Found Maeler's Distillery.
  7394 | Orc:2    | Bought a smoking trident for 280 gold pieces
  7394 | Orc:2    | Identified the +9 trident of Massacring {drain, *Rage rC+
                  | Int+5} (You bought it in a shop on level 2 of the Orcish
                  | Mines)
  7396 | Orc:2    | Bought a book of Vapours for 384 gold pieces
  7402 | Orc:2    | Learned a level 5 spell: Freezing Cloud
  7410 | Orc:2    | Bought a potion of curing for 39 gold pieces
  7410 | Orc:2    | Bought a potion of cancellation for 104 gold pieces
  7410 | Orc:2    | Bought a potion of mutation for 104 gold pieces
  7410 | Orc:2    | Bought a potion of curing for 39 gold pieces
  7410 | Orc:2    | Bought a potion of curing for 39 gold pieces
  7410 | Orc:2    | Bought a potion of magic for 104 gold pieces
  7410 | Orc:2    | Bought a potion of might for 52 gold pieces
  7410 | Orc:2    | Bought a potion of haste for 130 gold pieces
  7410 | Orc:2    | Bought a potion of cancellation for 104 gold pieces
  7410 | Orc:2    | Bought a potion of curing for 39 gold pieces
  7410 | Orc:2    | Bought a potion of heal wounds for 65 gold pieces
  7411 | Orc:2    | Bought a book of Geomancy for 352 gold pieces
  7414 | Orc:2    | Learned a level 2 spell: Passwall
  7420 | Orc:2    | Learned a level 5 spell: Lee's Rapid Deconstruction
  7451 | Elf:1    | Entered Level 1 of the Elven Halls
  7476 | Elf:2    | Reached skill level 1 in Earth Magic
  7497 | Elf:1    | Reached skill level 1 in Air Magic
  7690 | Elf:3    | Entered Level 3 of the Elven Halls
  7729 | Elf:3    | Noticed a deep elf elementalist
  7733 | Elf:3    | Killed a deep elf elementalist
  7816 | Elf:3    | Reached XP level 15. HP: 27/88 MP: 20/37
  7919 | Elf:3    | Reached skill level 5 in Earth Magic
  7982 | Elf:3    | Noticed a deep elf master archer
  8020 | Elf:3    | Killed a deep elf master archer
  8048 | Elf:3    | Noticed a deep elf master archer
  8050 | Elf:3    | HP: 1/88 [deep elf master archer/arrow (33)]
  8076 | Elf:3    | Killed a deep elf master archer
  8211 | Elf:3    | Noticed a deep elf blademaster
  8217 | Elf:3    | Killed a deep elf blademaster
  8299 | Elf:3    | Noticed a deep elf sorcerer
  8304 | Elf:3    | Killed a deep elf sorcerer
  8367 | Elf:3    | Noticed a deep elf sorcerer
  8385 | Elf:3    | Killed a deep elf sorcerer
  8400 | Elf:3    | Reached skill level 10 in Earth Magic
  8434 | Elf:3    | Noticed a deep elf sorcerer
  8442 | Elf:3    | Noticed a deep elf sorcerer
  8445 | Elf:3    | Killed a deep elf sorcerer
  8449 | Elf:3    | Killed a deep elf sorcerer
  8634 | Elf:3    | Reached skill level 9 in Conjurations
  8684 | Elf:3    | Reached XP level 16. HP: 92/92 MP: 14/39
  8739 | Elf:3    | Identified the +7 morningstar of Glory {flame, Dex+4}
  8744 | Elf:3    | Reached skill level 10 in Conjurations
  8830 | Elf:3    | Identified the Papyrus of Cankerous Curses
  8831 | Elf:3    | Identified The Lost Secrets of Spellweaving
  8879 | Elf:3    | Identified the +2 robe "Hehoef" {Dex+4}
  9077 | Orc:2    | Bought a book of Iron for 576 gold pieces
  9084 | Orc:2    | Learned a level 6 spell: Iron Shot
  9194 | D:10     | Found the +2 Maxwell's thermic engine {flame, freeze}
  9236 | D:8      | Found a hazy altar of Hepliaklqana.
  9256 | D:7      | Bought the +3 cloak of the Barracuda {Int+3 Dex+4} for 453
                  | gold pieces
  9468 | Lair:6   | Entered Level 6 of the Lair of Beasts
  9595 | Lair:6   | Identified the +1 scale mail of the Game of Life {Str+9}
  9615 | Lair:6   | Found a staircase to the Slime Pits.
  9686 | Lair:6   | Reached skill level 11 in Conjurations
  9908 | Lair:6   | Found a burning altar of Makhleb.
  9922 | Lair:6   | Found a gateway to Hell.
 10057 | Shoals:1 | Entered Level 1 of the Shoals
 10076 | Shoals:1 | Reached skill level 1 in Long Blades
 10140 | Shoals:1 | Found a hide-covered altar of Uskayaw.
 10160 | Shoals:1 | Identified the +4 longbow of Ybian {freeze, Fly}
 10173 | Shoals:1 | Reached skill level 12 in Conjurations
 10270 | Shoals:2 | Found Haonodgh's Island Escapes.
 10278 | Shoals:2 | Bought a potion of haste for 200 gold pieces
 10278 | Shoals:2 | Bought a scroll of teleportation for 60 gold pieces
 10278 | Shoals:2 | Bought a potion of haste for 200 gold pieces
 10279 | Shoals:2 | Noticed Donald
 10312 | Shoals:2 | Killed Donald
 10425 | Shoals:3 | Reached skill level 5 in Long Blades
 10498 | Shoals:4 | Entered Level 4 of the Shoals
 10498 | Shoals:4 | Noticed Mara
 10658 | Shoals:4 | Reached XP level 17. HP: 97/97 MP: 19/40
 10707 | Shoals:4 | Reached skill level 13 in Conjurations
 10734 | Shoals:4 | Found the +9 scales of the Dragon King {rPois rF+ rC+
                  | Will+}
 11075 | Shoals:4 | Got a barnacled rune of Zot
 11356 | Snake:1  | Entered Level 1 of the Snake Pit
 11365 | Snake:1  | Reached skill level 14 in Conjurations
 11438 | Snake:1  | Reached skill level 10 in Long Blades
 11705 | Snake:2  | Noticed Aizul
 11720 | Snake:2  | Killed Aizul
 11777 | Snake:2  | Identified the +4 spear "Gun Gon" {vorpal, rF+ Dex+3}
 11791 | Snake:1  | Found Reavaoce's Antique Armour Shop.
 11793 | Snake:1  | Bought a fine leather armour for 273 gold pieces
 11793 | Snake:1  | Identified the +0 leather armour "Zosterr" {Int+4 Dex+2}
                  | (You bought it in a shop on level 1 of the Snake Pit)
 11799 | Snake:2  | Found Uce Budd's Jewellery Shoppe.
 11829 | Snake:4  | Entered Level 4 of the Snake Pit
 11854 | Snake:4  | Reached skill level 15 in Conjurations
 11935 | Snake:4  | Learned a level 7 spell: Orb of Destruction
 12001 | Snake:4  | Noticed skAll's ghost (adept DrIE)
 12116 | Snake:4  | Reached XP level 18. HP: 64/103 MP: 25/41
 12384 | Snake:4  | Reached skill level 16 in Conjurations
 12724 | Snake:4  | Reached skill level 17 in Conjurations
 12901 | Snake:4  | Got a serpentine rune of Zot
 13030 | Snake:2  | Noticed Vashnia
 13174 | Slime:1  | Entered Level 1 of the Pits of Slime
 13198 | Slime:3  | Reached skill level 18 in Conjurations
 13300 | Slime:5  | Entered Level 5 of the Pits of Slime
 13323 | Slime:5  | Gained mutation: You are clumsy. (Dex -2) [a shining eye]
 13417 | Slime:4  | Reached XP level 19. HP: 112/112 MP: 14/43
 13426 | Slime:5  | Gained mutation: Potions are less effective at restoring
                  | your health. [a shining eye]
 13560 | Slime:5  | Identified the +5 ring mail "Foreesol" {rElec rCorr Int+6
                  | Stlth-}
 13561 | Slime:5  | Found a viscous altar of Jiyva.
 13648 | Slime:5  | Noticed the Royal Jelly
 13849 | Slime:5  | Reached skill level 15 in Spellcasting
 13873 | Slime:5  | Paralysed by a great orb of eyes for 7 turns
 14086 | Slime:5  | Identified the +9 halberd of Eroid {holy, rN+}
 14087 | Slime:5  | Identified the +7 long sword "Boneq" {freeze, rPois rF-
                  | Str+4 Int+2}
 14087 | Slime:5  | Identified the Disquisition on Icy Enchantment
 14096 | Slime:5  | Killed the Royal Jelly
 14101 | Slime:5  | Identified the +3 dagger of Dividends {freeze, rPois Int+4
                  | Dex+3 Stlth-}
 14101 | Slime:5  | Identified the +11 mace of Grandeur {flame, rC+}
 14102 | Slime:5  | Identified the +5 hunting sling of Ascent {vorpal, rCorr
                  | Dex+4 Stlth-}
 14170 | Slime:5  | HP: 3/112 [acid[the Royal Jelly] (14)]
 14343 | Slime:5  | Got a slimy rune of Zot
 14431 | Lair:6   | Lost mutation: You are clumsy. (Dex -2) [potion of
                  | mutation]
 14431 | Lair:6   | Gained mutation: You are frail. (-10% HP) [potion of
                  | mutation]
 14431 | Lair:6   | Gained mutation: You evolve. [potion of mutation]
 14432 | Lair:6   | Lost mutation: You evolve. [potion of mutation]
 14432 | Lair:6   | Lost mutation: You are frail. (-10% HP) [potion of
                  | mutation]
 14432 | Lair:6   | Gained mutation: You are occasionally teleported next to
                  | monsters. [potion of mutation]
 14432 | Lair:6   | Gained mutation: You have a somewhat thin skeletal
                  | structure. (Dex +2, Stealth+) [potion of mutation]
 14433 | Lair:6   | Lost mutation: Potions are less effective at restoring your
                  | health. [potion of mutation]
 14433 | Lair:6   | Lost mutation: You are occasionally teleported next to
                  | monsters. [potion of mutation]
 14433 | Lair:6   | Gained mutation: You have large cloven feet. [potion of
                  | mutation]
 14439 | Lair:6   | Learned a level 4 spell: Passage of Golubria
 14568 | D:11     | Found a transporter.
 14578 | D:11     | Reached skill level 1 in Translocations
 14582 | D:11     | Killed Shym's ghost
 14867 | D:14     | Reached skill level 5 in Translocations
 14980 | D:13     | Found a gate to the Vaults.
 15013 | Vaults:1 | Entered Level 1 of the Vaults
 15218 | Vaults:2 | Learned a level 7 spell: Spellforged Servitor
 15227 | Vaults:2 | Learned a level 8 spell: Lehudib's Crystal Spear
 15254 | Vaults:2 | Reached skill level 1 in Summonings
 15332 | Vaults:2 | Found Butz's General Store.
 15340 | Vaults:2 | Bought a potion of might for 72 gold pieces
 15340 | Vaults:2 | Bought a scroll of enchant armour for 135 gold pieces
 15340 | Vaults:2 | Bought a wand of digging (4) for 288 gold pieces
 15340 | Vaults:2 | Bought a scroll of magic mapping for 63 gold pieces
 15355 | Vaults:2 | Reached XP level 20. HP: 117/117 MP: 4/47
 15830 | Vaults:3 | Found a staircase to the Crypt.
 15834 | Vaults:3 | Reached skill level 5 in Summonings
 15893 | Vaults:3 | Found Omuoclipt's Jewellery Emporium.
 15898 | Vaults:3 | Bought a ring of poison resistance for 340 gold pieces
 16285 | Vaults:4 | Reached skill level 15 in Dodging
 16403 | Vaults:5 | Entered Level 5 of the Vaults
 16557 | Vaults:5 | Reached skill level 10 in Evocations
 16627 | Vaults:5 | Got a silver rune of Zot
 16725 | Vaults:5 | Reached XP level 21. HP: 115/124 MP: 19/50
 16758 | Vaults:5 | Found Vairch's Book Boutique.
 16771 | Vaults:5 | Reached skill level 5 in Fighting
 16827 | Vaults:5 | Bought a book of Blood for 532 gold pieces
 16832 | Vaults:5 | Learned a level 2 spell: Sublimation of Blood
 16880 | Vaults:5 | Reached skill level 1 in Necromancy
 16910 | Vaults:5 | Identified the +4 arbalest of the Shouting Eel {vorpal,
                  | +Blink Fly rN+ MP+9}
 16918 | Vaults:5 | Identified the +8 quarterstaff of Ointment {freeze, Dex+6}
 16954 | Vaults:5 | Identified the +1 leather armour of the Sneaky People
                  | {Dex+4}
 17014 | Vaults:5 | Reached skill level 5 in Necromancy
 17040 | Vaults:5 | Noticed an ancient lich
 17340 | D:15     | Found a staircase to the Depths.
 17375 | Depths:1 | Entered Level 1 of the Depths
 17414 | D:15     | Identified the +8 morningstar "Beclaec" {freeze, rElec
                  | Stlth+}
 17538 | Depths:1 | Found Naptisti's Jewellery Emporium.
 17538 | Depths:1 | Found Xobie's Book Boutique.
 17539 | Depths:1 | Found Emoid's Book Boutique.
 17748 | Depths:1 | Found Naink's Blood Bar.
 17771 | Depths:1 | Paralysed by a vampire knight for 7 turns
 17775 | Depths:1 | Mangled by a vampire knight

Illustrated notes

Levels and vault maps discovered:
D:1:      lemuel_arrival_behind_the_door_large, layout_basic,
          chequers_ecumenical_altar_simple
D:2:      layout_loops_cross, basic_altar
D:3:      minmay_spotlight, layout_basic, uniq_robin, uniq_natasha
D:4:      layout_rooms, lemuel_crystal_altar, tso_metal_star,
          grunt_temple_overflow_open, kennysheep_generic_room_5
D:5:      layout_basic, serial_shops, nicolae_lakefront_shop,
          portal_sewer_entry_b, uniq_duvessa, uniq_menkaure
D:6:      layout_basic, elyvilon_altar_1, minmay_temple_entry_purple_smoke,
          uniq_grinder
D:7:      layout_loops_ring, serial_shops, nicolae_take_the_stairs, uniq_joseph
D:8:      minmay_skewed_foursquare, layout_loops_ring,
          mainiacjoe_overflow_catwalk_spiral
D:9:      layout_basic, uniq_gastronok
D:10:     layout_big_octagon, mainiacjoe_overflow_small_starburst,
          old_standard_altar, serial_bayou, serial_bayou_lagoon_a,
          serial_bayou_shore_b, serial_bayou_shore_a, serial_bayou_ford_a,
          serial_bayou_pond_c, serial_bayou_pond_b
D:11:     layout_basic, david_orc_2, gammafunk_ghost_smash
D:12:     layout_stronghold, portal_ice_cave_entry_ice_simulacra,
          minmay_more_statues, uniq_rupert
D:13:     layout_basic, grunt_vaults_entry_fortified
D:14:     layout_loops_corners, minmay_pinched_square
D:15:     grunt_enter_depths_hoard, layout_basic, gauntlet_entry_generic,
          evilmike_ruin_ashenzari, serial_shops, shop, uniq_roxanne
Lair:1:   gammafunk_boulding_lane, layout_loops_ring, lemuel_fruit_fields,
          grunt_megastairs_5
Lair:2:   layout_regular_city, guppyfry_snake_entry_island,
          ebering_ghost_funeral_grove, lemuel_fruit_fields, lemuel_fruit_fields,
          minmay_lair_oklob_chamber
Lair:3:   layout_regular_city, shoals_dummy_entry, serial_bayou_shore_b
Lair:4:   lemuel_slime, layout_hall_layers, lemuel_oklob_altar
Lair:5:   layout_loops_ring, grunt_megastairs_4
Lair:6:   evil_forest, layout_long_grid, slime_dummy, lemuel_old_faithful,
          grunt_megastairs_2
Shoals:1: layout_shoals, regret_index_shoals_crete
Shoals:2: layout_shoals, nicolae_island_escapes, uniq_donald
Shoals:3: layout_shoals, serial_shops, shop
Shoals:4: shoals_end_grunt_ice, layout_shoals, uniq_mara
Snake:1:  layout_cave_pods, serial_shops, shop, nicolae_snake_salamander_zone
Snake:2:  layout_onion, serial_shops, nicolae_shop_waterfront,
          grunt_megastairs_3, uniq_vashnia, uniq_aizul
Snake:3:  layout_layer_cave, lemuel_fruit_tree
Snake:4:  grunt_snake_rune_spirals, layout_onion, ebering_ghost_reflecting_pool,
          hangedman_snake_thin_pillar_pass, nicolae_snake_coiling_death,
          uniq_bai_suzhen
Slime:1:  cheibrodos_slime_lost_civilization_10, layout_caves,
          cheibrodos_slime_lost_civilization_4
Slime:2:  layout_caves
Slime:3:  layout_caves, cheibrodos_slime_lost_civilization_5
Slime:4:  layout_caves, cheibrodos_slime_lost_civilization_6
Slime:5
Orc:1:    layout_caves, enter_bailey_6, ebering_ghost_xom
Orc:2:    st_orc_ogre_mass, layout_caves, minmay_orc_keep
Elf:1:    layout_onion_city, minmay_elf_annihilation
Elf:2:    nicolae_elf_blades_splatter_lattice [infiniplex_blade_entry_pillars],
          layout_geoelf_grid
Elf:3:    minmay_elf_hall_x, layout_loops_cross
Vaults:1: nicolae_vaults_alarming, nicolae_vaults_rhombus_5, v_misc_33,
          v_misc_15, grunt_vaults_bifocal, nicolae_vaults_sealed_display,
          st_octagons_1, v_misc_16, layout_vaults_maze_bifur, uniq_nikola
Vaults:2: nicolae_vaults_network_star, vaults_dpeg_hooks, vaults_mumra_lcd,
          v_misc_10, hangedman_vaults_river_flow,
          nicolae_vaults_little_squares_4, layout_vaults_chaotic_city,
          serial_shops, nicolae_shop_crystal, uniq_asterion
Vaults:3: vaults_room_glass_cross, v_rooms_2, vaults_room_hallway,
          minmay_crypt_entry_simple_walls, vaults_room_hallway,
          nicolae_vaults_what_the_h, vaults_room_corners,
          layout_vaults_quadrants, serial_shops, nicolae_shop_trees,
          uniq_frederick
Vaults:4: nicolae_vaults_shelves_hall, grunt_vaults_hallway_long,
          vaults_room_corners, v_misc_11, v_misc_5, v_misc_2,
          grunt_vaults_hallway_short, vaults_mumra_hex, layout_vaults_omnibox
Vaults:5: uniq_sojobo
Depths:1: layout_twisted_cross, enter_ziggurat_c, pf_vacation_house_of_asmodeus,
          rand_demon_pan_entry_1, guppyfry_shop_blood, minmay_shop_grove,
          serial_bayou_shore_b
Depths:2: minmay_the_grid_triangle_9x9_line_8_mashed
          [minmay_the_grid_triangle_9x9_negative_grid,
          minmay_the_grid_triangle_9x9_corruption,
          minmay_the_grid_triangle_9x9_steps,
          minmay_the_grid_triangle_9x9_pentomino_pain,
          minmay_the_grid_triangle_9x9_odd_lines,
          minmay_the_grid_triangle_9x9_shrine,
          minmay_the_grid_triangle_9x9_descending_squares,
          minmay_the_grid_triangle_9x9_prize_top_heavy], layout_cave_shapes,
          nzn_hepliaklqana_mist_gate, gammafunk_ghost_icy,
          grunt_hell_entry_dis_old, serial_bayou_pond_a

Skill      XL: |  1  2  3  4  5  6  7  8  9 10 11 12 13 14 15 16 17 18 19 20 21 |
---------------+----------------------------------------------------------------+-----
Ice Magic      | 5 6 7 9 10 | 10.2
Spellcasting   | 4 6 7 9 11 12 13 16 17 | 17.8
Conjurations   | 1 4 8 9 12 15 18 | 18.0
Evocations     | 1 3 6 10 11 | 11.6
Dodging        | 4 7 8 10 12 14 16 | 16.6
Fighting       | 3 4 5 |  5.9
Polearms       | 2 5 6 8 |  8.6
Shields        | 2 4 8 11 12 | 12.0
Armour         | 2 |  2.7
Earth Magic    | 4 11 12 13 | 13.2
Air Magic      | 1 |  1.6
Long Blades    | 6 12 13 | 13.4
Translocations | 8 |  8.3
Summonings     | 2 5 |  5.9
Necromancy     | 8 |  8.0
Stealth        | 4 |  4.2

Action                   |  1- 3 |  4- 6 |  7- 9 | 10-12 | 13-15 | 16-18 | 19-21 || total
-------------------------+-------+-------+-------+-------+-------+-------+-------++-------
Melee: Short sword       |       |     5 |       |       |       |       |       ||     5
       Spear             |       |    48 |   146 |   373 |   553 |   522 |       ||  1642
       Double sword      |       |       |       |       |       |   314 |   760 ||  1074
Throw: Stone             |       |     3 |       |       |       |       |       ||     3
       Dart              |       |       |       |     2 |     5 |       |       ||     7
 Cast: Freeze            |    58 |     7 |    17 |     7 |     6 |     5 |       ||   100
       Frozen Ramparts   |     4 |     9 |    14 |    36 |    42 |    20 |     4 ||   129
       Ozocubu's Armour  |     1 |     7 |    16 |    34 |    57 |    30 |    20 ||   165
       Hailstorm         |       |       |     7 |    20 |    79 |    13 |     1 ||   120
       Freezing Cloud    |       |       |       |       |    36 |   153 |    26 ||   215
       Lee's Rapid Decon |       |       |       |       |    51 |    60 |    19 ||   130
       Iron Shot         |       |       |       |       |       |    60 |    83 ||   143
       Passwall          |       |       |       |       |       |    10 |    16 ||    26
       Orb of Destructio |       |       |       |       |       |    20 |    60 ||    80
       Passage of Golubr |       |       |       |       |       |       |   118 ||   118
       Spellforged Servi |       |       |       |       |       |       |    45 ||    45
       Lehudib's Crystal |       |       |       |       |       |       |     9 ||     9
       Sublimation of Bl |       |       |       |       |       |       |    17 ||    17
Invok: Curse Item        |       |       |     1 |     4 |     5 |     3 |     3 ||    16
       Shatter the Chain |       |       |       |       |     2 |     2 |     3 ||     7
 Abil: Evoke Invisibilit |       |       |       |       |       |     4 |     6 ||    10
Evoke: Wand              |       |       |    27 |    18 |    29 |    29 |     1 ||   104
       Tin of tremorston |       |       |       |       |     2 |     1 |       ||     3
       Phial of floods   |       |       |       |       |       |     1 |       ||     1
       Box of beasts     |       |       |       |       |       |     1 |     2 ||     3
       Condenser vane    |       |       |       |       |       |     1 |     5 ||     6
       Phantom mirror    |       |       |       |       |       |       |     2 ||     2
  Use: Scroll            |       |       |     1 |     2 |     2 |     1 |    12 ||    18
       Potion            |       |       |     1 |       |     9 |     7 |    17 ||    34
 Stab: Sleeping          |       |     4 |     7 |     2 |     4 |     5 |    10 ||    32
       Distracted        |       |       |       |       |     1 |     2 |     8 ||    11
       Invisible         |       |       |       |       |       |    17 |    19 ||    36
       Paralysed         |       |       |       |       |       |    22 |       ||    22
Armor: Robe              |     5 |    14 |     3 |       |       |       |       ||    22
       Troll leather arm |       |       |    51 |    97 |   104 |   139 |   139 ||   530
Dodge: Dodged            |    22 |    47 |   135 |   328 |   326 |   496 |   475 ||  1829
Block: Buckler           |       |       |       |    37 |   101 |       |       ||   138
       Kite shield       |       |       |       |       |    37 |   441 |   491 ||   969
       Rpst.: Double sword |       |       |       |       |       |    31 |    80 ||   111

Table legend: (Time is in decaauts)
 A = Elapsed time spent in this place.
 B = Non-inter-level travel time spent in this place.
 C = Inter-level travel time spent in this place.
 D = Time resting spent in this place.
 E = Time spent auto-exploring this place.
 F = Levels seen in this place.
 G = Mean time per level.
                   A        B        C        D        E       F      G
               +--------+--------+--------+--------+--------+-----+--------+
         Total |  16883 |  16413 |    470 |      0 |      0 |  49 |  344.6 |
       Dungeon |   5045 |   4941 |    104 |      0 |      0 |  15 |  336.3 |
          Lair |   2661 |   2530 |    131 |      0 |      0 |   6 |  443.5 |
        Shoals |   1107 |   1107 |      0 |      0 |      0 |   4 |  276.8 |
     Snake Pit |   1696 |   1675 |     21 |      0 |      0 |   4 |  424.0 |
    Slime Pits |   1165 |   1158 |      7 |      0 |      0 |   5 |  233.0 |
  Orcish Mines |    795 |    683 |    112 |      0 |      0 |   2 |  397.5 |
   Elven Halls |   1532 |   1439 |     93 |      0 |      0 |   3 |  510.7 |
        Vaults |   2065 |   2065 |      0 |      0 |      0 |   5 |  413.0 |
        Depths |    333 |    333 |      0 |      0 |      0 |   2 |  166.5 |
         Sewer |    147 |    147 |      0 |      0 |      0 |   1 |  147.0 |
        Bailey |    176 |    176 |      0 |      0 |      0 |   1 |  176.0 |
      Gauntlet |    155 |    155 |      0 |      0 |      0 |   1 |  155.0 |
               +--------+--------+--------+--------+--------+-----+--------+

Top non-repeatable levels by time:
   Elf:3: 1275 daAuts
 Snake:4: 1075 daAuts
 Slime:5: 775 daAuts
Vaults:5: 591 daAuts
  Lair:4: 577 daAuts
   Orc:2: 562 daAuts
  Lair:3: 530 daAuts
  Lair:6: 510 daAuts
Shoals:4: 475 daAuts
Vaults:4: 474 daAuts
     D:8: 465 daAuts
    D:14: 463 daAuts
Vaults:2: 463 daAuts
  Lair:2: 456 daAuts
    D:11: 427 daAuts
